Map: Rifts to Korhal

Players

Ratl

  • Race: Protoss Protoss
  • League: Silver
  • Spawn Location: 7:00

elquimico

  • Race: Terran Terran
  • Spawn Location: 7:00

VOD

Have the link to the VOD?

Description

Time

  • Played on: Jan. 12, 2020, 11:57 a.m.
  • Length: 28:06
Show
View Real Time Build Order
Export as new Build Order

Ratl Protoss 

Build Orders:  

Get SALT Encoding   

  12  0:02  Probe (Chrono Boost)  
  13  0:16  Probe (Chrono Boost)  
  14  0:30  Probe (Chrono Boost)  
  14  0:35  Pylon  
  15  0:49  Assimilator  
  15  0:59  Probe (Chrono Boost)  
  16  1:13  Probe (Chrono Boost)  
  17  1:26  Assimilator  
  17  1:27  Probe (Chrono Boost)  
  18  1:32  Gateway  
  18  1:41  Probe (Chrono Boost)  
  19  1:55  Probe (Chrono Boost)  
  20  2:09  Probe (Chrono Boost)  
  21  2:17  Gateway  
  21  2:20  Forge  
  21  2:23  Probe (Chrono Boost)  
  22  2:36  Probe (Chrono Boost)  
  23  2:59  Pylon  
  23  3:06  Pylon  
  23  3:10  Protoss Ground Weapons Level 1  
  23  3:23  Probe (Chrono Boost)  
  23  3:24  Zealot  
  26  3:30  Zealot  
  26  3:39  Probe (Chrono Boost)  
  29  3:56  Probe (Chrono Boost)  
  29  3:58  Cybernetics Core  
  30  4:11  Zealot  
  30  4:12  Zealot  
  35  4:20  Probe (Chrono Boost)  
  35  4:37  Probe (Chrono Boost)  
  36  4:51  Stalker  
  36  4:54  Probe (Chrono Boost)  
  39  5:01  Pylon  
  39  5:07  Pylon  
  39  5:26  Stalker  
  39  5:29  Probe (Chrono Boost)  
  42  5:35  Pylon  
  42  5:44  Stalker  
  42  5:46  Probe (Chrono Boost)  
  45  6:08  Stalker  
  47  6:12  Probe (Chrono Boost)  
  48  6:24  Protoss Ground Armor Level 1  
  48  6:26  Probe (Chrono Boost), Stalker  
  51  6:37  Twilight Council  
  51  6:40  Probe (Chrono Boost)  
  51  6:41  Warp Gate  
  52  6:51  Zealot  
  52  6:54  Probe (Chrono Boost)  
  55  7:08  Probe (Chrono Boost)  
  56  7:21  Probe (Chrono Boost)  
  55  7:49  Nexus  
  55  7:54  Probe (Chrono Boost)  
  56  8:08  Probe (Chrono Boost)  
  57  8:16  Charge  
  57  8:22  Probe (Chrono Boost)  
  57  8:29  Protoss Ground Weapons Level 2  
  58  8:39  Probe (Chrono Boost)  
  59  8:46  Gateway  
  59  8:56  Probe (Chrono Boost)  
  60  9:01  Gateway  
  60  9:13  Probe (Chrono Boost)  
  61  9:22  Pylon  
  61  9:25  Pylon x2  
  60  9:30  Probe (Chrono Boost)  
  60  9:31  Probe (Chrono Boost)  
  61  9:47  Probe (Chrono Boost)  
  61  9:49  Probe (Chrono Boost)  
  64  10:17  Assimilator  
  63  10:32  Stalker x2  
  63  10:33  Stalker  
  69  10:43  Probe (Chrono Boost)  
  70  10:50  Stargate  
  70  10:57  Stargate  
  70  11:04  Gateway, Protoss Ground Armor Level 2  
  70  11:07  Gateway  
  70  11:10  Gateway  
  70  11:16  Gateway, Assimilator  
  71  11:22  Probe (Chrono Boost)  
  71  11:25  Stalker x3  
  71  11:27  Zealot  
  79  11:39  Probe (Chrono Boost)  
  80  12:07  Probe (Chrono Boost)  
  81  12:19  Photon Cannon, Stalker  
  83  12:21  Stalker  
  83  12:23  Photon Cannon  
  81  13:34  Protoss Ground Weapons Level 3  
  81  13:42  Probe (Chrono Boost)  
  80  14:03  Void Ray  
  80  14:04  Void Ray  
  80  14:05  Pylon  
  86  14:28  Pylon  
  78  15:00  Zealot x4  
  78  15:01  Zealot x4  
  78  15:03  Void Ray  
  78  15:04  Void Ray  
  92  15:39  Stalker  
  94  15:40  Stalker x6  
  94  15:41  Stalker  
  108  15:50  Gateway  
  108  15:52  Gateway  
  108  15:54  Gateway  
  108  15:56  Gateway  
  108  15:59  Gateway  
  108  16:04  Gateway  
  108  16:06  Gateway  
  108  16:27  Void Ray x2  
  112  16:53  Pylon  
  112  17:12  Protoss Shields Level 1  
  112  17:16  Void Ray x2  
  104  17:21  Pylon  
  106  17:31  Stalker  
  106  17:32  Stalker x7  
  122  17:59  Stalker x2  
  126  18:10  Pylon  
  126  18:16  Pylon  
  126  18:19  Pylon  
  126  18:20  Void Ray  
  126  18:21  Pylon  
  126  18:23  Pylon  
  126  18:30  Pylon, Void Ray  
  126  18:39  Pylon  
  126  18:40  Pylon  
  126  18:54  Dark Pylon  
  126  19:17  Zealot x2  
  126  19:18  Zealot x9  
  126  19:19  Zealot  
  150  19:52  Protoss Ground Armor Level 3  
  150  20:22  Fleet Beacon  
  150  20:37  Pylon  
  150  20:42  Stalker x4  
  150  20:43  Stalker x2  
  162  21:03  Pylon  
  162  21:04  Pylon  
  162  21:26  Stalker x2  
  166  21:34  Dark Pylon  
  166  21:45  Pylon  
  164  22:01  Photon Cannon  
  164  22:02  Stalker  
  164  22:03  Photon Cannon, Stalker x2  
  164  22:05  Stalker  
  164  22:07  Zealot  
  174  22:12  Photon Cannon  
  172  22:32  Stalker x2  
  172  22:33  Stalker x3  
  182  22:58  Protoss Shields Level 2  
  182  23:07  Pylon  
  182  23:14  Pylon  
  182  23:25  Pylon  
  182  23:26  Pylon  
  182  23:34  Fleet Beacon  
  182  23:44  Photon Cannon  
  182  23:52  Photon Cannon  
  182  23:55  Photon Cannon  
  182  23:57  Stalker  
  182  23:58  Stalker x3  
  190  24:00  Stalker  
  192  24:13  Stalker x2  
  195  24:24  Photon Cannon, Oracle  
  196  25:34  Nexus  
  196  25:38  Assimilator  
  196  25:43  Assimilator  
  196  25:48  Pylon  
  196  25:50  Pylon  
  196  25:54  Pylon  
  196  25:58  Oracle  
  196  25:59  Pylon  
  196  26:01  Oracle  
  196  26:04  Pylon, Dark Pylon  
  196  26:07  Pylon  
  193  26:36  Disruption Web  
  181  27:06  Dark Pylon  
  181  27:09  Stalker  
  183  27:10  Stalker x2  
  183  27:11  Stalker x5  
  183  27:12  Stalker  
  183  27:13  Stalker  
Show
View Real Time Build Order
Export as new Build Order

elquimico Terran 

Build Orders:  

Get SALT Encoding   

  12  0:36  SCV  
  13  0:53  SCV  
  14  1:08  Supply Depot  
  14  1:34  Barracks  
  14  1:49  Engineering Bay  
  14  2:04  SCV  
  15  2:25  Refinery  
  15  2:34  Refinery  
  15  2:35  SCV  
  16  2:41  Marine  
  17  2:52  SCV  
  19  3:03  Marine  
  19  3:09  SCV  
  20  3:15  Marine  
  21  3:26  SCV  
  21  3:27  Marine  
  23  4:04  Supply Depot  
  23  4:33  Marine  
  23  4:34  SCV  
  25  4:46  Marine  
  26  4:58  Marine  
  27  5:10  Marine  
  27  5:23  Marine  
  28  5:53  Supply Depot  
  28  6:46  Supply Depot  
  23  7:29  Marine  
  21  7:34  Terran Infantry Weapons Level 1  
  22  7:42  Marine  
  23  7:52  Factory  
  23  7:54  Marine  
  24  8:06  Marine  
  25  8:19  Marine  
  26  8:31  Marine  
  27  8:44  Marine  
  28  8:56  Marine  
  28  8:59  Factory Tech Lab  
  29  9:09  Marine  
  30  9:21  Marine  
  31  9:42  Siege Tank  
  31  9:47  Marine  
  35  10:00  Marine  
  35  10:05  Siege Tank  
  39  10:12  Marine  
  39  10:14  Terran Infantry Armor Level 1  
  40  10:24  Bunker  
  40  10:25  Marine  
  40  10:27  Siege Tank  
  44  10:37  Marine  
  45  11:08  Supply Depot  
  45  11:38  Siege Tank  
  48  12:00  Siege Tank  
  51  12:16  Siege Tank x2  
  51  13:36  Siege Tank x2  
  51  13:37  Siege Tank x2  
  48  14:31  Siege Tank x2  
  48  14:35  Siege Tank  
  48  15:21  Siege Tank x2  
  48  16:25  Marine  
  49  16:37  Marine  
  48  16:51  Marine  
  32  17:03  Marine  
  30  17:16  Marine  
  28  17:45  Missile Turret  
  26  18:03  Siege Tank  
  24  18:36  Marine  
  22  18:49  Marine  
  22  19:01  Marine  
  22  19:14  Marine  
  22  19:26  Marine  
  23  20:28  Barracks  
  23  21:34  Factory Reactor  
  23  21:36  Marine  
  21  22:30  Vulture  
  23  22:47  Vulture  
  22  23:22  Supply Depot  
  22  23:34  Command Center  
  22  24:22  Missile Turret  
  18  25:14  Vulture  
  22  25:35  Factory Tech Lab  
  22  25:51  Vulture  
  22  26:38  Refinery  
  22  27:15  Siege Tank  
  25  27:25  SCV  
Tags
 
Add a new tag
Caveats
  • Supply blocks, unpowered buildings, or Contaminate may cause inaccurate times.
  • Supply counts are checked every 10 seconds.